 Dungeon Crawl Stone Soup version 0.26-a0-1213-gd52f5182fe (webtiles) character file.

Game seed: 6708981746450059340

35 Gargoyl the Skirmisher (level 3, -6/35 HPs)
             Began as a Gnoll Abyssal Knight on Dec 30, 2020.
             Was a Follower of Lugonu.
             Mangled by an acid dragon (10 damage)
             ... on level 3 of the Dungeon.
             The game lasted 00:02:29 (1578 turns).

Gargoyl the Skirmisher (Gnoll Abyssal Knight)       Turns: 1578, Time: 00:02:29

Health: -6/35      AC: 14    Str: 15    XL:     3   Next: 35%
Magic:  6/6        EV:  5    Int: 12    God:    Lugonu [*.....]
Gold:   155        SH:  0    Dex: 14    Spells: 3/3 levels left

rFire    . . .     SeeInvis .   a - +1 hand axe
rCold    . . .     Faith    .   (no shield)
rNeg     . . .     Spirit   .   k - +0 plate armour
rPois    .         Reflect  .   l - +0 helmet
rElec    .         Harm     .   (no cloak)
rCorr    .         Rampage  .   (no gloves)
Will     +....                  g - +0 pair of boots
Stlth    ..........             c - amulet of the acrobat
HPRegen  0.11/turn              j - ring of willpower
MPRegen  0.10/turn              (no ring)

@: mighty
A: distributed training, fangs 1, dopey 1, strong nose
a: Renounce Religion, Depart the Abyss


You were on level 3 of the Dungeon.
You worshipped Lugonu.
Lugonu was aware of your devotion.
You visited 1 branch of the dungeon, and saw 3 of its levels.
You visited the Abyss 1 time.

You collected 155 gold pieces.

Inventory:

Hand Weapons
 a - a +1 hand axe (weapon)
Armour
 g - a +0 pair of boots (worn)
 k - a +0 plate armour (worn)
 l - a +0 helmet (worn)
Jewellery
 c - an amulet of the acrobat (around neck)
 j - a ring of willpower (left hand)
Wands
 b - a wand of iceblast (6)
 n - a wand of polymorph (9)
Scrolls
 d - 4 scrolls of blinking
 i - a scroll of identify
 p - a scroll of random uselessness {unknown}
Potions
 e - a potion of might
 f - a potion of flight {unknown}
 h - a potion of invisibility {unknown}
 m - 2 potions of lignification {unknown}
 o - a potion of curing {unknown}


   Skills:
 + Level 6.5 Fighting
 + Level 0.7 Short Blades
 + Level 0.7 Long Blades
 + Level 4.5 Axes
 + Level 0.7 Maces & Flails
 + Level 0.7 Polearms
 + Level 0.7 Staves
 + Level 0.7 Slings
 + Level 0.7 Bows
 + Level 0.7 Crossbows
 + Level 0.7 Throwing
 + Level 4.5 Armour
 + Level 2.6 Dodging
 + Level 0.7 Stealth
 + Level 0.7 Shields
 + Level 0.7 Unarmed Combat
 + Level 0.7 Spellcasting
 + Level 0.5 Conjurations
 + Level 0.5 Hexes
 + Level 0.5 Summonings
 + Level 0.5 Necromancy
 + Level 0.5 Translocations
 + Level 0.5 Transmutations
 + Level 0.5 Fire Magic
 + Level 0.5 Ice Magic
 + Level 0.5 Air Magic
 + Level 0.5 Earth Magic
 + Level 0.5 Poison Magic
 + Level 4.5 Invocations
 + Level 0.7 Evocations


You had 3 spell levels left.
You didn't know any spells.
Your spell library was empty.

Dungeon Overview and Level Annotations

Branches:
Dungeon (3/15)

Altars:
Fedhas
Kikubaaqudgha
Wu Jian


Innate Abilities, Weirdness & Mutations

Your experience applies equally to all skills.
You have very sharp teeth.
Your uncanny sense of smell can sniff out nearby items.
You are dopey. (Int -2)


Message History

Okay, then.
Aiming: Polymorph
Press: ? - help, Shift-Dir - straight line, f/p - ogre
Aim: an ogre, wielding a +0 giant club (lightly wounded, will become a blink frog, a water moccasin, or an acid dragon, chance to affect: 48%)
The ogre evaporates and reforms as an acid dragon!
The acid dragon bites you but does no damage.
The acid dragon claws you but does no damage.
Okay, then.
It was a potion of might.
You feel very mighty all of a sudden. The acid dragon closely misses you.
The acid dragon claws you but does no damage.
You slash the acid dragon!
The acid dragon is moderately wounded.
The acid dragon bites you but does no damage.
The acid dragon claws you but does no damage.
You barely miss the acid dragon. Your bite misses the acid dragon.
The acid dragon is moderately wounded.
The acid dragon bites you!
You die...

#..# # #..# #. #..
#.#####.########
#........)......
#...?..# #......#
#...D..# #.
#(.@...# #.
#(.....#
#.###+##......#
#.............#
+.............#
#.............#
#....##.......#####
#....##..##........
#.....##.##........


You could see an acid dragon.

Vanquished Creatures
  An adder (D:2)
  A leopard gecko (D:2)
  A giant cockroach (D:3)
  2 goblins (D:1)
  4 hobgoblins
  2 jackals (D:2)
  A quokka (D:2)
  3 bats
  4 frilled lizards
  3 kobolds
  3 rats
25 creatures vanquished.

Vanquished Creatures (others)
  2 plants (D:2)
  3 withered plants (D:2)
5 creatures vanquished.

Grand Total: 30 creatures vanquished

Notes
Turn   | Place    | Note
-------+----------+-------------------------------------------
     0 | Abyss:1  | Gargoyl the Gnoll Abyssal Knight began the quest for the
                  | Orb.
     0 | Abyss:1  | Reached XP level 1. HP: 23/23 MP: 3/3
    83 | Abyss:1  | Noticed a neqoxec
    84 | Abyss:1  | Noticed a quasit
    84 | Abyss:1  | Noticed a crimson imp
   105 | Abyss:1  | Noticed a thrashing horror
   125 | Abyss:1  | Gained mutation: You are dopey. (Int -2) [a neqoxec]
   129 | D:1      | Escaped the Abyss
   360 | D:1      | Reached XP level 2. HP: 29/29 MP: 5/5
   495 | D:1      | Reached * piety under Lugonu
   872 | D:2      | Found an ancient bone altar of Kikubaaqudgha.
   873 | D:2      | Found a blossoming altar of Fedhas.
   901 | D:2      | Reached XP level 3. HP: 27/35 MP: 6/6
  1513 | D:3      | Found an ornate altar of the Wu Jian Council.
  1562 | D:3      | Noticed an ogre
  1575 | D:3      | Noticed an acid dragon
  1575 | D:3      | an ogre changed into an acid dragon
  1578 | D:3      | Mangled by an acid dragon

Illustrated notes

Levels and vault maps discovered:
D:1:      lightli_arrival_farm, layout_basic
D:2:      layout_loops_ring, grunt_temple_overflow_growth_and_decay
D:3:      layout_basic, lemuel_crystal_altar, lemuel_round_altar,
          amethyst_overflow_temple_binary, uniq_jessica

Action                   || total
-------------------------++-------
Melee: Hand axe          ||   104
       Bite              ||    11
Invok: Depart the Abyss  ||     1
Evoke: Wand              ||     2
  Use: Scroll            ||     3
       Potion            ||     1
Armor: Chain mail        ||    12
       Leather armour    ||     3
       Plate armour      ||    62
Dodge: Dodged            ||    64

Table legend: (Time is in decaauts)
 A = Elapsed time spent in this place.
 B = Non-inter-level travel time spent in this place.
 C = Inter-level travel time spent in this place.
 D = Time resting spent in this place.
 E = Time spent auto-exploring this place.
 F = Levels seen in this place.
 G = Mean time per level.
                   A        B        C        D        E       F      G
               +--------+--------+--------+--------+--------+-----+--------+
         Total |   1604 |   1566 |     38 |     92 |   1089 |   4 |  401.0 |
       Dungeon |   1473 |   1435 |     38 |     92 |   1012 |   3 |  491.0 |
         Abyss |    131 |    131 |      0 |      0 |     76 |   1 |  131.0 |
               +--------+--------+--------+--------+--------+-----+--------+

Top non-repeatable levels by time:
     D:2: 719 daAuts
     D:1: 663 daAuts
 Abyss:1: 131 daAuts
     D:3: 90 daAuts
